 Dungeon Crawl Stone Soup version 0.20.1-1-g8b1a95d (webtiles) character file.

252 gunmagnum the Magician (level 5, -3/28 HPs)
             Began as a Deep Elf Wizard on Oct 6, 2017.
             Was a Follower of Qazlal.
             Killed by divine providence
             ... invoked by an orc priest
              (16 damage)
             ... on level 4 of the Dungeon.
             The game lasted 00:24:38 (3292 turns).

gunmagnum the Magician (Deep Elf Wizard)            Turns: 3292, Time: 00:24:39

Health: -3/28      AC:  3    Str:  4    XL:     5   Next: 89%
Magic:  1/15       EV: 14    Int: 24    God:    Qazlal [*.....]
Gold:   156        SH:  1    Dex: 13    Spells: 5/16 levels left

rFire    . . .     SeeInvis .   b - +0 hunting sling
rCold    . . .     Gourm    .   (no shield)
rNeg     . . .     Faith    .   p - +0 robe
rPois    .         Spirit   .   m - +1 hat
rElec    .         Reflect  .   (no cloak)
rCorr    .         Harm     .   (no gloves)
MR       .....                  (no boots)
Stlth    ++........             (no amulet)
Regen    0.1/turn               (no ring)
MPRegen  0.2/turn               (no ring)

@: no status effects
A: no striking features
a: Renounce Religion


You were on level 4 of the Dungeon.
You worshipped Qazlal.
Qazlal was aware of your devotion.
You were not hungry.

You visited 1 branch of the dungeon, and saw 4 of its levels.

You collected 156 gold pieces.

Inventory:

Hand Weapons
 a - a +2 whip of venom
 b - a +0 hunting sling (weapon)
 g - a +0 mace
Missiles
 s - 75 stones
 w - 13 sling bullets (quivered)
Armour
 f - a +0 hat
 k - a +2 ring mail of magic resistance
 m - a +1 hat (worn)
 p - a +0 robe (worn)
Wands
 v - a wand of disintegration (0/24)
Scrolls
 e - a scroll of enchant weapon
 h - 3 scrolls of remove curse
 r - a scroll of fear {unknown}
Potions
 j - a potion of flight {unknown}
 l - 3 potions of heal wounds
 n - a potion of might {unknown}
 o - a potion of invisibility {unknown}
 t - 2 potions of lignification
 u - 2 potions of cancellation
Books
 c - a book of Minor Magic

   Spells                             Type                      Level
   a - Magic Dart                     Conjuration                  1
   b - Blink                          Translocation                2
   c - Call Imp                       Summoning                    2
   d - Slow                           Hexes                        2
   e - Conjure Flame                  Conjuration/Fire             3
   f - Mephitic Cloud                 Conjuration/Poison/Air       3
Comestibles
 d - a bread ration
 q - a meat ration


   Skills:
 + Level 4.2 Dodging
 - Level 2.4 Stealth
 + Level 6.1 Spellcasting
 + Level 3.5 Conjurations
 - Level 1.1 Summonings
 - Level 1.1 Translocations
 - Level 2.1 Fire Magic
 * Level 0.6 Air Magic


You had 5 spell levels left.
You knew the following spells:

 Your Spells              Type           Power        Failure   Level  Hunger
a - Magic Dart            Conj           ###.         1%          1    None
b - Blink                 Tloc           N/A          8%          2    None
c - Call Imp              Summ           ##......     8%          2    None
d - Conjure Flame         Conj/Fire      ###.....     8%          3    #......
e - Mephitic Cloud        Conj/Pois/Air  ##......     13%         3    #......


Dungeon Overview and Level Annotations

Branches:
Dungeon (4/15)
 Temple: D:4-7

Altars:
Qazlal
Trog

Annotations:
D:2 Sigmund


Message History

You shoot a sling bullet.
The sling bullet hits the bullfrog skeleton.
The bullfrog skeleton is severely damaged.
The bullfrog skeleton barely misses you.
The orc priest invokes the aid of Beogh against you.
Beogh smites you!
Firing (i - inventory. (,) - cycle):
w - 14 sling bullets (quivered)
Press: ? - help, Shift-Dir - straight line, f/p - bullfrog skeleton
Aim: a bullfrog skeleton (severely damaged)
You shoot a sling bullet.
The sling bullet hits the bullfrog skeleton.
The bullfrog skeleton is severely damaged.
The bullfrog skeleton barely misses you.
The bullfrog skeleton hits you but does no damage.
The orc priest looks encouraged for a moment.
You see here 3 tomahawks.
The orc priest invokes the aid of Beogh against you.
Beogh smites you!
Ouch! That really hurt!
You die...

##.# #.##.# #.#
#.##.# #.#
#.##.# #.#
#.##.# #.#
#.##.# #.#
#.##.###
##.###.##...#
##...##.####.#
...####ยง.Z@.#.#
#.#
(((..(o.......#
#.#
#.)####[....###
#.#
........######.#
#####.#........#
#.########## #.#
#.# .#


You could see an orc priest and a bullfrog skeleton.

Vanquished Creatures
  2 orc priests (D:3)
  2 orc wizards
  Ijyb (D:3)
  2 adders
  An ooze (D:1)
  3 dart slugs (D:1)
  4 leopard geckos
  13 orcs
  A ball python (D:2)
  8 bats
  4 giant cockroaches
  6 hobgoblins
  3 jackals (D:1)
  4 kobolds
  3 frilled lizards
  7 goblins
  6 rats (D:1)
70 creatures vanquished.

Vanquished Creatures (others)
  A wizard (D:3)
1 creature vanquished.

Grand Total: 71 creatures vanquished

Notes
Turn   | Place    | Note
-------+----------+-------------------------------------------
     0 | D:1      | gunmagnum the Deep Elf Wizard began the quest for the Orb.
     0 | D:1      | Reached XP level 1. HP: 10/10 MP: 7/7
   144 | D:1      | Reached XP level 2. HP: 1/15 MP: 0/9
   408 | D:1      | Learned a level 2 spell: Blink
   411 | D:1      | Learned a level 2 spell: Call Imp
   671 | D:1      | Reached skill level 5 in Spellcasting
   773 | D:1      | Reached XP level 3. HP: 19/19 MP: 3/11
  1417 | D:2      | Learned a level 3 spell: Conjure Flame
  1536 | D:2      | Found a stormy altar of Qazlal.
  1555 | D:2      | Became a worshipper of Qazlal Stormbringer
  1708 | D:2      | Reached XP level 4. HP: 24/24 MP: 8/13
  1964 | D:2      | Noticed Sigmund
  2145 | D:3      | Found a bloodstained altar of Trog.
  2147 | D:3      | Noticed a wizard
  2153 | D:3      | Killed a wizard
  2352 | D:3      | Reached skill level 1 in Fire Magic
  2550 | D:3      | Learned a level 3 spell: Mephitic Cloud
  2570 | D:3      | Reached * piety under Qazlal
  2609 | D:3      | Reached XP level 5. HP: 28/28 MP: 0/15
  2615 | D:3      | Noticed Ijyb
  2706 | D:3      | Killed Ijyb
  3056 | D:3      | Reached skill level 6 in Spellcasting
  3292 | D:4      | Killed from afar by an orc priest

Skill      XL: |  1  2  3  4  5 |
---------------+----------------+-----
Conjurations   | 2 3 |  3.5
Spellcasting   | 5 6 |  6.1
Dodging        | 3 4 |  4.2
Fire Magic     | 1 2 |  2.1
Stealth        | |  2.4
Summonings     | |  1.1
Translocations | |  1.1
Air Magic      | |  0.6

Action                   |  1- 3 |  4- 6 || total
-------------------------+-------+-------++-------
Melee: Mace              |    12 |       ||    12
       Whip              |       |     6 ||     6
 Fire: Hunting sling     |     2 |     9 ||    11
 Cast: Magic Dart        |    86 |    73 ||   159
       Conjure Flame     |     2 |       ||     2
       Blink             |     1 |       ||     1
       Mephitic Cloud    |       |     2 ||     2
  Use: Scroll            |       |     5 ||     5
  Eat: Bread ration      |     1 |       ||     1
       Chunk             |       |     1 ||     1
       Meat ration       |       |     1 ||     1
Armor: Robe              |     3 |     5 ||     8
Dodge: Dodged            |    13 |    14 ||    27
